 Dungeon Crawl Stone Soup version 0.20.0-15-g7f486f2 (webtiles) character file.

62 QuCean the Chopper (level 3, -1/37 HPs)
             Began as a Minotaur Chaos Knight on June 12, 2017.
             Killed from afar by Hasart's ghost (3 damage)
             ... with a magic dart
             ... on level 3 of the Dungeon.
             The game lasted 00:04:39 (1455 turns).

QuCean the Chopper (Minotaur Chaos Knight)          Turns: 1455, Time: 00:04:40

Health: -1/37      AC:  6    Str: 15    XL:     3   Next: 85%
Magic:  2/2        EV: 15    Int:  7    God:    Xom [......]
Gold:   38         SH:  0    Dex:  9    Spells: 2/2 levels left

rFire    + . .     SeeInvis .   a - +0 hand axe (chaos)
rCold    . . .     Gourm    .   (no shield)
rNeg     . . .     Faith    .   b - +2 leather armour
rPois    .         Spirit   .   (helmet restricted)
rElec    .         Reflect  .   (no cloak)
rCorr    .         Harm     .   (no gloves)
MR       .....                  h - +0 pair of boots
Stlth    ..........             (no amulet)
Regen    0.2/turn               e - +4 ring of evasion
MPRegen  0.1/turn               j - ring of protection from fire

@: confused
A: retaliatory headbutt, horns 2, blurry vision 1, dopey 1, robust 1, weak 1
a: Renounce Religion


You were on level 3 of the Dungeon.
You worshipped Xom.
You were a very special plaything of Xom.
You were hungry.

You visited 1 branch of the dungeon, and saw 3 of its levels.

You collected 38 gold pieces.

Inventory:

Hand Weapons
 a - a +0 hand axe of chaos (weapon)
Armour
 b - a +2 leather armour (worn)
 h - a +0 pair of boots (worn)
Jewellery
 e - a +4 ring of evasion (left hand)
 j - a ring of protection from fire (right hand)
 s - a +3 ring of strength {unknown}
Scrolls
 o - 2 scrolls of amnesia {unknown}
 p - 2 scrolls of remove curse
 r - 2 scrolls of identify
Potions
 f - 2 potions of degeneration {unknown}
 g - 3 potions of heal wounds {unknown}
 k - a potion of invisibility {unknown}
 l - a potion of brilliance {unknown}
 m - 2 potions of haste {unknown}
 n - a potion of lignification {unknown}
Comestibles
 c - 2 bread rations
 d - a meat ration
 i - a royal jelly
 q - 2 chunks of flesh


   Skills:
 + Level 4.4 Fighting
 + Level 4.6 Axes
 + Level 2.9 Armour
 + Level 1.7 Dodging


You had 2 spell levels left.
You didn't know any spells.

Dungeon Overview and Level Annotations

Branches:
Dungeon (2/15)

Altars:

Annotations:
D:3 Hasart's ghost, amateur DsWz


Innate Abilities, Weirdness & Mutations

You reflexively headbutt those who attack you in melee.
You have a pair of horns on your head.
Scrolls take you a little longer to read.
You are dopey. (Int -2)
You are robust. (+10% HP)
You are weak. (Str -2)


Message History

Hasart's ghost is moderately damaged.
Hasart's ghost closely misses you.
You barely miss Hasart's ghost.
You headbutt Hasart's ghost, but do no damage.
Hasart's ghost is moderately damaged.
Hasart's ghost points at you and mumbles some strange words.
The ball explodes into a vile cloud!
The stinking cloud engulfs you!
Xom is highly amused!
The stinking cloud engulfs Hasart's ghost.
Hasart's ghost appears unharmed.
You hear a shout!
You hear an angry hiss.
You closely miss Hasart's ghost. Your headbutt misses Hasart's ghost.
Hasart's ghost is moderately damaged.
You are engulfed in noxious fumes.
You choke on the stench!
You are confused.
* * * LOW HITPOINT WARNING * * *
Hasart's ghost casts a spell at you. The magic dart hits you!
You die...
Xom bursts into laughter!

#####.# ...# ..
..##...# #. #......#
#.##.#....#
.####.........#####
.[# .......%......(...
....
>..........)####.# ...
#..##......§####.##...
. #.#.##W@#......#
...#.##.§§......#
(.#######.#.......# ..
....".###.......# .
......###.......#
........)......#
###.....###.###
#...)..##.#
#....#.##.#


You could see Hasart's ghost.

Vanquished Creatures
  A gnoll (D:1)
  An adder (D:3)
  A dart slug (D:1)
  2 leopard geckos (D:1)
  3 giant cockroaches
  9 goblins
  2 hobgoblins (D:1)
  6 kobolds
  7 bats
  A frilled lizard (D:1)
  2 rats
35 creatures vanquished.

Notes
Turn   | Place    | Note
-------+----------+-------------------------------------------
     0 | D:1      | QuCean the Minotaur Chaos Knight began the quest for the Orb.
     0 | D:1      | Reached XP level 1. HP: 19/19 MP: 0/0
    97 | D:1      | Reached XP level 2. HP: 27/27 MP: 1/1
   435 | D:1      | Reached XP level 3. HP: 22/33 MP: 2/2
   849 | D:1      | XOM: harmless Erth miscast
   876 | D:1      | XOM: give mutations
   876 | D:1      | Gained mutation: You are dopey. (Int -2) [Xom's mischief]
   876 | D:1      | Gained mutation: You are weak. (Str -2) [Xom's mischief]
   876 | D:1      | Gained mutation: Scrolls take you a little longer to read. [Xom's mischief]
   876 | D:1      | Gained mutation: You are robust. (+10% HP) [Xom's mischief]
  1144 | D:1      | XOM: torment (19/36 hp)
  1371 | D:2      | You fall through a shaft!
  1376 | D:3      | XOM: blink monster(s)
  1440 | D:3      | Noticed Hasart's ghost (amateur DsWz)
  1449 | D:3      | XOM: torment (14/37 hp)
  1455 | D:3      | Killed from afar by Hasart's ghost

Skill      XL: |  1  2 |
---------------+-------+-----
Axes           | 4 |  4.6
Fighting       | 4 |  4.4
Armour         | |  2.9
Dodging        | |  1.7

Action                   || total
-------------------------++-------
Melee: Hand axe          ||    63
       Headbutt          ||     5
  Use: Scroll            ||     4
  Eat: Chunk             ||     1
Armor: Leather armour    ||    18
Dodge: Dodged            ||    73
